 Dungeon Crawl Stone Soup version 0.25-a0-420-g1cc7eeb0d1 (webtiles) character file.

Game seed: 16780834320316176975, levelgen mode: deterministic

6609 BeastOfSaturn the Spear-Bearer (level 10, -1/67 HPs)
             Began as a Demonspawn Warper on Jan 18, 2020.
             Was a Believer of Dithmenos.
             Slain by Snorg (4 damage)
             ... on level 10 of the Dungeon.
             The game lasted 00:58:42 (11473 turns).

BeastOfSaturn the Spear-Bearer (Demonspawn Warper) Turns: 11473, Time: 00:58:42

Health: -1/67      AC: 12    Str: 15    XL:     10   Next: 71%
Magic:  0/14       EV: 13    Int: 16    God:    Dithmenos [**....]
Gold:   296        SH:  0    Dex: 13    Spells: 11/15 levels left

rFire    + . .     SeeInvis +   H - +3 halberd (freeze)
rCold    . . .     Gourm    .   (shield currently unavailable)
rNeg     . . .     Faith    .   x - +3 scale mail of Gravity {rElec Str+2}
rPois    .         Spirit   +   (no helmet)
rElec    +         Reflect  .   (no cloak)
rCorr    .         Harm     .   J - +0 pair of gloves
MR       .....                  (no boots)
Stlth    +.........             a - amulet of guardian spirit
HPRegen  0.21/turn              m - ring of protection from fire
MPRegen  0.14/turn              f - ring of see invisible

@: wreathed by umbra
A: talons 1, foul stench 1, spiny 1, rot immunity, sturdy frame 2
a: Shadow Step, Renounce Religion


You were on level 10 of the Dungeon.
You worshipped Dithmenos.
Dithmenos was pleased with you.
You were not hungry.

You visited 2 branches of the dungeon, and saw 11 of its levels.

You collected 517 gold pieces.
You spent 221 gold pieces at shops.

Inventory:

Hand Weapons
 c - a +1 war axe of freezing
 y - a +0 flail of protection
 H - a +3 halberd of freezing (weapon)
 M - a +4 quarterstaff
Missiles
 e - 7 boomerangs of dispersal (quivered)
 q - 16 boomerangs
Armour
 j - a +0 buckler
 x - the +3 scale mail of Gravity (worn) {rElec Str+2}
   (You found it on level 4 of the Dungeon)

   It affects your strength (+2).
   It insulates you from electricity.
 J - a +0 pair of gloves (worn)
Jewellery
 a - an amulet of guardian spirit (around neck)
 f - a ring of see invisible (right hand)
 m - a ring of protection from fire (left hand)
 v - an uncursed ring of fire
 z - the amulet "Buehomeb" {Faith +Blink}
   (You found it on level 5 of the Dungeon)

   [amulet of faith]

   It allows you to gain divine favour quickly.
   It lets you blink.
 C - an uncursed ring of magical power
Wands
 B - a wand of iceblast (8)
 E - a wand of digging (6)
 I - a wand of clouds (3)
Scrolls
 b - 2 scrolls of random uselessness {unknown}
 d - 2 scrolls of blinking
 h - 4 scrolls of remove curse
 k - 2 scrolls of magic mapping {unknown}
 o - 6 scrolls of teleportation
 r - 2 scrolls of enchant armour {unknown}
 D - a scroll of vulnerability {unknown}
 F - a scroll of immolation {unknown}
 G - a scroll of noise {unknown}
 K - 2 scrolls of amnesia {unknown}
Potions
 g - a potion of heal wounds
 i - 4 potions of curing
 l - a potion of agility {unknown}
 n - 2 potions of mutation {unknown}
 p - 3 potions of flight
 s - 3 potions of ambrosia
 t - 4 potions of might
 u - a potion of brilliance {unknown}
 w - 3 potions of cancellation
 A - 2 potions of haste {unknown}
Comestibles
 L - 5 rations


   Skills:
 - Level 2.0 Fighting
 - Level 3.7(6.7) Axes
 + Level 8.8(9.1) Polearms
 - Level 1.0 Throwing
 * Level 7.1 Armour
 + Level 4.4 Dodging
 - Level 0.2 Stealth
 - Level 4.1 Shields
 * Level 3.3 Spellcasting
 + Level 1.4 Charms
 * Level 6.9 Translocations


You had 11 spell levels left.
You knew the following spells:

 Your Spells              Type           Power        Failure   Level  Hunger
a - Shroud of Golubria    Chrm/Tloc      ###...       8%          2    ##.....
b - Blink                 Tloc           N/A          2%          2    ##.....

Your spell library contained the following spells:

 Spells                   Type           Power        Failure   Level  Hunger
 Apportation              Tloc           ###...       1%          1    None
 Gell's Gravitas          Tloc           ###.......   4%          3    ###....
 Lesser Beckoning         Tloc           ###.......   4%          3    ###....
 Teleport Other           Tloc           ###.....     4%          3    ###....
 Passage of Golubria      Tloc           N/A          16%         4    ####...
 Animate Skeleton         Necr           N/A          28%         1    None
 Corona                   Hex            #......      28%         1    None
 Summon Small Mammal      Summ           #...         28%         1    None


Dungeon Overview and Level Annotations

Branches:
Dungeon (10/15)            Temple (1/1) D:5             Orc (0/2) D:10
   Lair: D:8-11

Altars:
Ashenzari
Cheibriados
Dithmenos
Elyvilon
Fedhas
Gozag
Hepliaklqana
Kikubaaqudgha
Nemelex Xobeh
Okawaru
Qazlal
Ru
Sif Muna
Trog
Uskayaw
Vehumet
Xom
Yredelemnul
Zin
The Shining One

Shops:
D:5 [!(

Annotations:
D:10 Snorg


Innate Abilities, Weirdness & Mutations

You have sharp toenails.
You may emit foul miasma when damaged in melee.
You are partially covered in sharp spines.
You are immune to rotting.
Your movements are less encumbered by armour. (ER -4)


Message History

Snorg claws you! The wight hits you but does no damage.
Snorg is engulfed in dark miasma.
Snorg looks even sicker.
Snorg bites you!!
* * * LOW HITPOINT WARNING * * *
Snorg claws you but does no damage. Snorg claws you!
* * * LOW HITPOINT WARNING * * *
Snorg is engulfed in dark miasma.
Snorg looks even sicker.
Snorg seems to slow down.
Snorg rages.
There is an open door here.
There is a stone staircase leading up here.
Snorg is no longer moving slowly.
You see here a hippogriff corpse.
Snorg is struck by your spines. Snorg barely misses you. Snorg misses you.
Snorg claws you.
* * * LOW HITPOINT WARNING * * *
Snorg looks sick.
There is an open door here.
Snorg rages.
Snorg bites you!
You die...

#.........# #...........
#.....<...# ##...........
#.........# #..8...>...8.
#.........# #............
#.......z.# #............
#.........# #.#.........#
#.........# #.#.........#
#........†#######.#.........#
#.........'T@.....#....8....#
#.........############...####
########+## #.#..## #...##
######'## #.......#
#######+## ###.......#
#........####.÷.......#
#........##...#.......#


You could see Snorg (berserk).

Vanquished Creatures
  2 two-headed ogres
  2 hippogriffs
  A hungry ghost (D:10)
  A two-headed ogre zombie (D:10)
  Edmund (D:5)
  3 water moccasins
  3 black bears
  3 eyes of draining
  A sky beast (D:7)
  3 orc warriors (D:8)
  A hornet zombie (D:10)
  2 ice beasts
  A necrophage (D:8)
  2 ogres
  A phantom (D:10)
  2 centaurs
  6 bullfrogs
  2 scorpions
  A wyvern skeleton (D:7)
  2 troll zombies (D:10)
  A water moccasin skeleton (D:7)
  7 wights (D:6)
  2 howler monkeys (D:8)
  7 crimson imps
  2 quasits
  6 jellies
  4 hounds
  3 orc priests
  10 orc wizards
  7 worker ants
  4 ogre zombies (D:10)
  A hound zombie (D:5)
  A hound skeleton (D:4)
  A worker ant zombie (D:5)
  17 adders
  2 shadow imps
  6 oozes
  An adder zombie (D:5)
  An adder skeleton (D:10)
  3 worms
  2 dart slugs
  5 leopard geckos
  22 orcs
  A ball python (D:1)
  5 giant cockroaches
  5 goblins
  15 hobgoblins
  11 jackals
  15 kobolds
  5 quokkas
  5 bats
  6 frilled lizards
  A goblin skeleton (D:10)
  2 goblin zombies (D:10)
  A hobgoblin skeleton (D:10)
  3 hobgoblin zombies (D:10)
  A jackal skeleton (D:6)
  5 orc skeletons (D:10)
  11 orc zombies (D:10)
  A quokka skeleton (D:7)
  4 rats
252 creatures vanquished.

Vanquished Creatures (others)
  A bush (D:8)
1 creature vanquished.

Grand Total: 253 creatures vanquished

Notes
Turn   | Place    | Note
-------+----------+-------------------------------------------
     0 | D:1      | BeastOfSaturn the Demonspawn Warper began the quest for the
                  | Orb.
     0 | D:1      | Reached XP level 1. HP: 16/16 MP: 3/3
    28 | D:1      | Reached skill level 1 in Throwing
   204 | D:1      | Reached skill level 2 in Polearms
   579 | D:1      | Gained mutation: You have sharp toenails. [demonic
                  | ancestry]
   579 | D:1      | Reached XP level 2. HP: 22/22 MP: 5/5
   583 | D:1      | Learned a level 2 spell: Shroud of Golubria
   586 | D:1      | Learned a level 2 spell: Blink
   946 | D:1      | Reached skill level 1 in Armour
  1012 | D:2      | Noticed an air elemental
  1013 | D:2      | Found a stormy altar of Qazlal.
  1034 | D:2      | Noticed an earth elemental
  1034 | D:2      | Noticed a water elemental
  1034 | D:2      | Noticed a fire elemental
  1072 | D:1      | Gained mutation: You are partially covered in sharp spines.
                  | [demonic ancestry]
  1072 | D:1      | Reached XP level 3. HP: 25/27 MP: 6/6
  1257 | D:2      | Reached skill level 3 in Polearms
  1696 | D:2      | Reached XP level 4. HP: 33/33 MP: 7/7
  1873 | D:2      | Found a glowing silver altar of Zin.
  2070 | D:2      | Found a faded altar of an unknown god.
  2148 | D:2      | Reached XP level 5. HP: 38/38 MP: 8/8
  2743 | D:3      | Found a snail-covered altar of Cheibriados.
  3253 | D:4      | Reached skill level 4 in Polearms
  3373 | D:4      | Got a spiked scale mail
  3384 | D:4      | Identified the +3 scale mail of Gravity {rElec Str+2} (You
                  | found it on level 4 of the Dungeon)
  3450 | D:4      | Noticed an ogre
  4208 | D:4      | Found a glowing golden altar of the Shining One.
  4243 | D:4      | Found an opulent altar of Gozag.
  4454 | D:4      | Reached skill level 1 in Charms
  4454 | D:4      | Gained mutation: Your movements are slightly less
                  | encumbered by armour. (ER -2) [demonic ancestry]
  4454 | D:4      | Reached XP level 6. HP: 44/44 MP: 9/9
  4709 | D:5      | Entered Level 5 of the Dungeon
  4864 | D:5      | Found Bysa's Antique Weapon Shop.
  4867 | D:5      | Bought a glowing war axe for 156 gold pieces
  4924 | D:5      | Noticed Edmund
  4938 | D:5      | Killed Edmund
  5034 | D:5      | Found Taeluoh's Distillery.
  5053 | D:5      | Bought a potion of heal wounds for 65 gold pieces
  5123 | D:5      | Reached skill level 1 in Axes
  5134 | D:5      | Found a staircase to the Ecumenical Temple.
  5140 | Temple   | Entered the Ecumenical Temple
  5188 | Temple   | Became a worshipper of Uskayaw the Reveler
  5233 | D:5      | Found Agoistij's Armour Boutique.
  5242 | D:5      | Reached * piety under Uskayaw
  5264 | D:5      | Reached ** piety under Uskayaw
  5269 | D:5      | Got a scintillating jade amulet
  5270 | D:5      | Identified the amulet "Buehomeb" {Faith +Blink} (You found
                  | it on level 5 of the Dungeon)
  5399 | D:5      | Gained mutation: You are immune to rotting. [demonic
                  | ancestry]
  5399 | D:5      | Reached XP level 7. HP: 50/50 MP: 10/10
  6085 | D:6      | Reached *** piety under Uskayaw
  6091 | D:6      | Reached **** piety under Uskayaw
  6328 | D:6      | Noticed a cyclops
  6570 | D:6      | Reached skill level 1 in Shields
  6691 | D:6      | Found a snail-covered altar of Cheibriados.
  6693 | D:6      | Found a bloodstained altar of Trog.
  6700 | D:6      | Found a hazy altar of Hepliaklqana.
  6753 | D:6      | Found a sparkling altar of Nemelex Xobeh.
  6825 | D:6      | Found a shimmering blue altar of Sif Muna.
  7155 | D:6      | Gained mutation: You may emit foul miasma when damaged in
                  | melee. [demonic ancestry]
  7155 | D:6      | Reached XP level 8. HP: 53/56 MP: 12/12
  7178 | D:6      | Reached ***** piety under Uskayaw
  8090 | D:7      | Reached skill level 5 in Armour
  8349 | D:7      | Noticed a hippogriff
  8356 | D:7      | Killed a hippogriff
  8356 | D:7      | Reached skill level 5 in Translocations
  8470 | D:7      | Found a sparkling altar of Nemelex Xobeh.
  8572 | D:8      | Gained mutation: Your movements are less encumbered by
                  | armour. (ER -4) [demonic ancestry]
  8572 | D:8      | Reached XP level 9. HP: 61/61 MP: 13/13
  8600 | D:8      | Reached ****** piety under Uskayaw
  8601 | D:8      | Reached skill level 5 in Polearms
  8661 | D:8      | Identified the +2 robe of Omission {*Slow rC+++ MR+ Str+6
                  | Stlth-}
  8944 | D:8      | Found an ancient bone altar of Kikubaaqudgha.
  9132 | D:8      | Noticed a two-headed ogre
  9164 | D:8      | Killed a two-headed ogre
  9164 | D:8      | Reached skill level 6 in Polearms
  9985 | D:9      | Reached XP level 10. HP: 67/67 MP: 12/14
 10020 | D:9      | Reached skill level 7 in Polearms
 10036 | D:9      | Found a shadowy altar of Dithmenos.
 10064 | D:9      | Fell from the grace of Uskayaw
 10064 | D:9      | Became a worshipper of Dithmenos the Shadowed
 10179 | D:9      | Found a basalt altar of Yredelemnul.
 10363 | D:9      | Found a blossoming altar of Fedhas.
 10364 | D:9      | Noticed a two-headed ogre
 10371 | D:9      | Killed a two-headed ogre
 10371 | D:9      | Reached skill level 8 in Polearms
 10810 | D:10     | Entered Level 10 of the Dungeon
 10870 | D:10     | Reached * piety under Dithmenos
 11191 | D:10     | Found a staircase to the Orcish Mines.
 11262 | D:10     | Paralysed by the fury of Uskayaw for 7 turns
 11452 | D:10     | Noticed Snorg
 11454 | D:10     | Reached ** piety under Dithmenos
 11459 | D:10     | HP: 1/67 [Snorg (9)]
 11471 | D:10     | HP: 3/67 [Snorg (1)]
 11473 | D:10     | Slain by Snorg

Levels and vault maps discovered:
D:1:      shiori_angband_town, layout_basic
D:2:      layout_rooms, nicolae_qazlal_style_of_elements, zin_statuary,
          first_ration, chequers_ecumenical_altar_simple, minmay_cut_off
D:3:      layout_loops_cross, kennysheep_slug_shrine
D:4:      layout_gridville, tso_oasis_becter, portal_sewer_entry_e,
          nicolae_gozag_cash_rules_everything_around_me
D:5:      layout_layer_cave, temple_green, serial_shops, shop, shop,
          kennysheep_mini_moat, minivault_27, uniq_edmund
D:6:      layout_rooms, minitemple, nemelex_altar_shiori,
          lemuel_coloured_pillars_altar, gammafunk_temple_overflow_wave,
          minmay_unpleasant_kobolds
D:7:      layout_basic, nemelex_spade_bored_becter
D:8:      layout_cave_pools, kiku_gazebo_pond_becter, minmay_hedge_maze
D:9:      layout_long_grid, marbit_many_paths, nicolae_dithmenos_shadow_blocks,
          hangedman_little_slice_of_home, fedhas_altar_fruit_tree
D:10:     layout_roguey, zombieorc2_lemuel, serial_shops,
          nicolae_shop_waterfront, uniq_harold, uniq_snorg
Temple:   compressed_dpeg_triangle_lava_temple

Skill      XL: |  1  2  3  4  5  6  7  8  9 10 |
---------------+-------------------------------+-----
Throwing       | 1 |  1.0
Polearms       | 2 3 4 6 8 |  8.8
Armour         | 1 2 3 4 5 6 7 |  7.1
Dodging        | 2 3 4 |  4.4
Translocations | 3 4 5 6 |  6.9
Charms         | 1 |  1.4
Axes           | 1 3 |  3.7
Shields        | 1 3 4 |  4.1
Spellcasting   | 3 |  3.3
Fighting       | |  2.0
Stealth        | |  0.2

Action                   |  1- 3 |  4- 6 |  7- 9 | 10-12 || total
-------------------------+-------+-------+-------+-------++-------
Melee: Spear             |   108 |   169 |       |       ||   277
       Kick              |    13 |    39 |    50 |    44 ||   146
       War axe           |       |    34 |    64 |       ||    98
       Halberd           |       |       |   158 |   168 ||   326
 Cast: Shroud of Golubri |     5 |     9 |     1 |     4 ||    19
       Blink             |       |     1 |     1 |     2 ||     4
  Use: Scroll            |     1 |     3 |     1 |     6 ||    11
       Potion            |       |       |     1 |       ||     1
 Stab: Paralysed         |       |       |    12 |       ||    12
  Eat: Ration            |     1 |     4 |     3 |     2 ||    10
       Chunk             |       |       |     3 |     2 ||     5
Armor: Leather armour    |    13 |    25 |       |       ||    38
       Scale mail        |       |    30 |   102 |    69 ||   201
Dodge: Dodged            |    60 |   103 |   140 |    78 ||   381
Block: Buckler           |       |       |    13 |       ||    13

Table legend:
 A = Non-vault XP
 B = Vault XP
 C = Vault XP percentage of total XP
 D = Non-vault monster count
 E = Vault monster count
 F = Vault count percentage of total count
                 A         B        C        D         E       F
            +---------+---------+-------+---------+---------+-------
      Total |    8265 |    1177 |  12.5 |     198 |      54 |  21.4
            +---------+---------+-------+---------+---------+-------
        D:1 |      49 |      13 |  21.0 |      21 |       1 |   4.5
        D:2 |     118 |      16 |  11.9 |      29 |       3 |   9.4
        D:3 |      62 |       4 |   6.1 |      20 |       1 |   4.8
        D:4 |     154 |       0 |   0.0 |      10 |       0 |   0.0
        D:5 |     213 |     158 |  42.6 |      10 |       1 |   9.1
        D:6 |     952 |       8 |   0.8 |      20 |       6 |  23.1
        D:7 |     914 |       0 |   0.0 |      19 |       0 |   0.0
        D:8 |    2617 |       0 |   0.0 |      42 |       0 |   0.0
        D:9 |    2337 |     207 |   8.1 |      18 |       9 |  33.3
       D:10 |     849 |     771 |  47.6 |       9 |      33 |  78.6
            +---------+---------+-------+---------+---------+-------
